 Dungeon Crawl Stone Soup version 0.25-a0-425-g0e000e855e (webtiles) character file.

Game seed: 9857949038104845597, levelgen mode: deterministic

7077 ReteAZ the Severer (level 10, -4/120 HPs)
             Began as a Minotaur Berserker on Jan 24, 2020.
             Was an Elder of Trog.
             Slain by an eight-headed hydra (7 damage)
             ... on level 11 of the Dungeon.
             The game lasted 00:16:33 (9839 turns).

ReteAZ the Severer (Minotaur Berserker)             Turns: 9839, Time: 00:16:34

Health: -4/120     AC: 14    Str: 29    XL:     10   Next: 84%
Magic:  0/10       EV:  7    Int:  5    God:    Trog [****..]
Gold:   591        SH:  8    Dex: 10    Spells: 9/9 levels left

rFire    . . .     SeeInvis .   Q - +0 war axe
rCold    . . .     Gourm    .   E - +0 shield
rNeg     + . .     Faith    .   d - +2 chain mail {MR+}
rPois    +         Spirit   +   (helmet restricted)
rElec    .         Reflect  .   x - scarf {Spirit}
rCorr    .         Harm     .   s - +0 pair of gloves
MR       +....                  h - +0 pair of boots
Stlth    ..........             (no amulet)
HPRegen  0.30/turn              q - ring of poison resistance
MPRegen  0.12/turn              B - ring of positive energy

@: berserking, very quick
A: retaliatory headbutt, horns 2
a: Berserk, Trog's Hand, Brothers in Arms, Renounce Religion


You were on level 11 of the Dungeon.
You worshipped Trog.
Trog was greatly pleased with you.
You were hungry.

You visited 1 branch of the dungeon, and saw 11 of its levels.

You collected 591 gold pieces.

Inventory:

Hand Weapons
 a - a +1 hand axe
 Q - a +0 war axe (weapon)
Missiles
 k - 17 poisoned darts (quivered)
 L - 2 throwing nets
Armour
 b - a +0 animal skin
 d - a +2 chain mail of magic resistance (worn)
 h - a +0 pair of boots (worn)
 o - a +2 scale mail of cold resistance
 p - a +0 cloak
 s - a +0 pair of gloves (worn)
 x - a scarf of spirit shield (worn)
 E - a +0 shield (worn)
 H - a +0 plate armour
Jewellery
 m - a +3 ring of intelligence
 q - a ring of poison resistance (left hand)
 B - a ring of positive energy (right hand)
 O - an uncursed ring of positive energy
Wands
 f - a wand of polymorph (16)
 F - a wand of acid (10)
 J - a wand of disintegration (17)
 N - a wand of digging (3)
Scrolls
 g - 8 scrolls of identify
 n - 2 scrolls of teleportation
 w - a scroll of blinking
 y - 6 scrolls of remove curse
 A - a scroll of fog {unknown}
 C - a scroll of fear
 D - 3 scrolls of enchant weapon
 P - 3 scrolls of noise {unknown}
Potions
 e - 8 potions of curing
 i - 2 potions of flight
 j - 2 potions of agility
 l - 4 potions of degeneration
 r - 2 potions of mutation
 t - a potion of invisibility
 u - a potion of cancellation
 v - a potion of resistance
 z - 2 potions of ambrosia {unknown}
 I - 2 potions of might {unknown}
 M - 3 potions of heal wounds {unknown}
Comestibles
 c - 24 rations


   Skills:
 + Level 4.7 Fighting
 - Level 17.6 Axes
 * Level 4.9 Armour
 + Level 3.5 Dodging
 + Level 1.3 Evocations


You had 9 spell levels left.
You didn't know any spells.
Your spell library was empty.

Dungeon Overview and Level Annotations

Branches:
Dungeon (11/15)            Temple (0/1) D:5            Lair (0/6) D:11
    Orc: D:9-12

Altars:
Ashenzari
Dithmenos
Elyvilon
Fedhas
Gozag
Hepliaklqana
Makhleb
Qazlal
Ru
Sif Muna
Trog
Uskayaw
Vehumet
Wu Jian
Xom
Zin
The Shining One

Portals:
Bailey: D:11

Annotations:
D:5 exclusion: oklob plant


Innate Abilities, Weirdness & Mutations

You reflexively headbutt those who attack you in melee.
You have a pair of horns on your head.


Message History

The six-headed hydra bites you!
* * * LOW HITPOINT WARNING * * *
The six-headed hydra bites you!
* * * LOW HITPOINT WARNING * * *
The six-headed hydra bites you.
* * * LOW HITPOINT WARNING * * *
The six-headed hydra barely misses you.
You block the six-headed hydra's attack.
You slice one of the six-headed hydra's heads off!
The five-headed hydra grows two more!
You hit the seven-headed hydra. You headbutt the seven-headed hydra!
The seven-headed hydra is heavily wounded.
You hack one of the seven-headed hydra's heads off!
The six-headed hydra grows two more!
You slice the eight-headed hydra!!
The eight-headed hydra is severely wounded.
The eight-headed hydra bites you!
* * * LOW HITPOINT WARNING * * *
The eight-headed hydra barely misses you.
The eight-headed hydra bites you!
You die...

,,,#.######.## *,,,,,,,,,*
,,...* #.# *********,*
..##** #.# *,* .,*###**
#.# *,* ,,,....####.# *,*
,,,.........# *,*
,,*..YY8...Z# *,*
*,*........D############,*
,,*.8.....8.#YZD@.......,*
,,*.........Y.##########**
,,,.........###
**,8...∩...8# *,.........#
*,.........# *,,8.....8.#
*,,........# *,,,..8....*


You could see 2 death yaks, an eight-headed hydra and a wyvern zombie.

Vanquished Creatures
  A two-headed ogre (D:9)
  A centaur zombie (D:11)
  2 trolls
  A hippogriff (D:10)
  6 yaks (D:9)
  A hungry ghost (D:8)
  A steam dragon (D:7)
  Edmund (D:5)
  A water moccasin (D:9)
  An orc warrior (D:9)
  2 ice beasts
  2 sky beasts
  5 ogres
  A phantom (D:5)
  A necrophage (D:10)
  6 centaurs
  2 big kobolds
  Blork the orc (D:4)
  2 bullfrogs
  4 scorpions
  5 killer bees (D:8)
  4 wights (D:10)
  3 howler monkeys
  4 crimson imps
  A quasit (D:5)
  3 jellies
  2 orc priests
  Crazy Yiuf (D:3)
  7 hounds
  2 gnoll shamans
  A centaur skeleton (D:10)
  5 iguanas
  5 orc wizards
  Ijyb (D:3)
  Terence (D:2)
  10 worker ants
  A hound zombie (D:10)
  2 hound skeletons
  10 gnolls
  A howler monkey skeleton (D:6)
  15 adders
  3 shadow imps
  3 oozes
  An adder skeleton (D:6)
  A worm (D:2)
  A dart slug (D:2)
  4 leopard geckos
  28 orcs
  2 ball pythons
  5 giant cockroaches
  8 goblins
  9 hobgoblins
  6 jackals
  13 kobolds
  3 quokkas
  6 bats
  2 frilled lizards (D:2)
  A leopard gecko zombie (D:6)
  23 rats
245 creatures vanquished.

Notes
Turn   | Place    | Note
-------+----------+-------------------------------------------
     0 | D:1      | ReteAZ the Minotaur Berserker began the quest for the Orb.
     0 | D:1      | Reached XP level 1. HP: 19/19 MP: 0/0
    12 | D:1      | Reached skill level 4 in Axes
   119 | D:1      | Reached XP level 2. HP: 26/26 MP: 1/1
   342 | D:1      | Reached skill level 5 in Axes
   373 | D:1      | Reached ** piety under Trog
   373 | D:1      | Reached XP level 3. HP: 24/31 MP: 2/2
   632 | D:2      | Noticed Terence
   694 | D:2      | Killed Terence
   694 | D:2      | Reached XP level 4. HP: 15/39 MP: 3/3
   955 | D:2      | Reached skill level 6 in Axes
  1176 | D:2      | Found a shimmering blue altar of Sif Muna.
  1201 | D:2      | Found an ornate altar of the Wu Jian Council.
  1258 | D:2      | Found a stormy altar of Qazlal.
  1434 | D:2      | Found a hazy altar of Hepliaklqana.
  1578 | D:3      | Noticed Ijyb
  1726 | D:3      | Killed Ijyb
  1726 | D:3      | Reached skill level 7 in Axes
  1726 | D:3      | Reached XP level 5. HP: 45/45 MP: 4/4
  1837 | D:3      | Reached *** piety under Trog
  1859 | D:3      | Found a faded altar of an unknown god.
  2129 | D:3      | Found a glowing silver altar of Zin.
  2164 | D:3      | Found a runed translucent door.
  2165 | D:3      | Noticed Crazy Yiuf
  2379 | D:3      | Killed Crazy Yiuf
  2514 | D:4      | Reached skill level 8 in Axes
  2540 | D:4      | Reached XP level 6. HP: 24/51 MP: 5/5
  2791 | D:4      | You fall into a shaft and drop 3 floors!
  2792 | D:7      | Noticed an ice beast
  2798 | D:7      | Killed an ice beast
  2798 | D:7      | Reached skill level 9 in Axes
  2895 | D:6      | Noticed a sky beast
  2913 | D:6      | Killed a sky beast
  2913 | D:6      | Reached XP level 7. HP: 57/57 MP: 6/6
  2915 | D:6      | Reached skill level 10 in Axes
  3108 | D:5      | Entered Level 5 of the Dungeon
  3194 | D:5      | Noticed Edmund
  3202 | D:5      | Found a shimmering altar of Xom.
  3224 | D:5      | Killed Edmund
  3225 | D:5      | Reached skill level 11 in Axes
  3281 | D:5      | Found a staircase to the Ecumenical Temple.
  3366 | D:4      | Noticed Blork the orc
  3372 | D:4      | Killed Blork the orc
  3526 | D:4      | Found a hide-covered altar of Uskayaw.
  3526 | D:4      | Found a burning altar of Makhleb.
  3527 | D:4      | Found an opulent altar of Gozag.
  3578 | D:4      | Found a bloodstained altar of Trog.
  3655 | D:4      | Found a glowing golden altar of the Shining One.
  3892 | D:5      | Reached XP level 8. HP: 64/64 MP: 7/7
  4025 | D:5      | Found a blossoming altar of Fedhas.
  4040 | D:5      | Noticed an oklob plant
  4088 | D:5      | Found a radiant altar of Vehumet.
  4093 | D:5      | Reached skill level 12 in Axes
  4099 | D:5      | Reached **** piety under Trog
  4809 | D:6      | Reached skill level 13 in Axes
  5682 | D:7      | Reached XP level 9. HP: 70/70 MP: 5/8
  5699 | D:7      | Noticed a troll
  5709 | D:7      | Reached skill level 14 in Axes
  5718 | D:7      | Killed a troll
  6071 | D:7      | Got a fine golden amulet
  6072 | D:7      | Identified the amulet "Kofiubbo" {Inacc rPois} (You found
                  | it on level 7 of the Dungeon)
  6271 | D:7      | Found a sacrificial altar of Ru.
  6385 | D:8      | Reached skill level 15 in Axes
  6859 | D:8      | Found a shadowy altar of Dithmenos.
  7358 | D:9      | Found a shattered altar of Ashenzari.
  7467 | D:9      | Found a white marble altar of Elyvilon.
  7516 | D:9      | Reached skill level 16 in Axes
  7745 | D:9      | Noticed a two-headed ogre
  7754 | D:9      | Killed a two-headed ogre
  7754 | D:9      | Reached XP level 10. HP: 25/77 MP: 2/9
  8296 | D:9      | Reached skill level 17 in Axes
  8733 | D:10     | Entered Level 10 of the Dungeon
  9034 | D:10     | Reached ***** piety under Trog
  9034 | D:10     | Received a gift from Trog
  9773 | D:11     | Reached skill level 1 in Evocations
  9813 | D:11     | Noticed a four-headed hydra
  9817 | D:11     | Found a flagged portal.
  9827 | D:11     | Noticed a death yak
  9828 | D:11     | Noticed a death yak
  9839 | D:11     | HP: 3/120 [eight-headed hydra (8)]
  9839 | D:11     | Slain by an eight-headed hydra

Levels and vault maps discovered:
D:1:      erik_arrival_orb_chamber, layout_rooms
D:2:      layout_loops_cross, grunt_qazlal_clouds,
          lemuel_coloured_pillars_altar, lemuel_crystal_altar,
          old_standard_altar, uniq_terence
D:3:      layout_rooms, zin_scriptorium, chequers_ecumenical_altar_grove,
          uniq_crazy_yiuf_cottage, uniq_ijyb
D:4:      layout_loops_ring, lightli_temple_of_fire, tso_altar, minitemple,
          first_ration, uniq_blork_the_orc
D:5:      layout_loops_cross, vehumet_crystals, minmay_temple_entry_sparse_star,
          basic_altar, tgw_fedhas, uniq_edmund
D:6:      layout_basic, serial_rivers, chequers_serial_rivers_small_b,
          chequers_serial_rivers_small_b, chequers_serial_rivers_micro_e,
          chequers_serial_rivers_large_a, chequers_serial_rivers_micro_a
D:7:      layout_cave_pools, kennysheep_mini_moat
D:8:      layout_gridville, nicolae_dithmenos_shadow_blocks
D:9:      layout_stronghold, ashenzari_conservatory_becter, elyvilon_altar_1,
          grunt_ogre_cave
D:10:     kennysheep_six_static_rooms, layout_irregular_city,
          grunt_ministairs_11
D:11:     layout_loops_ring, dpeg_lair_monsters, enter_bailey_6,
          lemuel_mausoleum_altar_kikubaaqudgha

Skill      XL: |  1  2  3  4  5  6  7  8  9 10 |
---------------+-------------------------------+-----
Axes           | 4 5 7 8 9 11 13 16 17 | 17.6
Armour         | 4 |  4.9
Fighting       | 4 |  4.7
Dodging        | 3 |  3.5
Evocations     | 1 |  1.3

Action                   |  1- 3 |  4- 6 |  7- 9 | 10-12 || total
-------------------------+-------+-------+-------+-------++-------
Melee: Hand axe          |    75 |   152 |   414 |   190 ||   831
       Headbutt          |     7 |    25 |    68 |    52 ||   152
       Unarmed           |       |     4 |       |     1 ||     5
       War axe           |       |       |       |    35 ||    35
Throw: Dart              |       |       |     4 |       ||     4
Invok: Berserk           |       |     5 |     8 |     3 ||    16
       Brothers in Arms  |       |       |       |     1 ||     1
  Use: Potion            |     5 |       |       |       ||     5
       Scroll            |       |       |    10 |     2 ||    12
  Eat: Chunk             |       |     9 |    22 |    10 ||    41
       Ration            |       |     1 |     1 |       ||     2
Armor: Animal skin       |     7 |       |       |       ||     7
       Skin              |    12 |       |       |       ||    12
       Chain mail        |       |    95 |   186 |    66 ||   347
Dodge: Dodged            |    41 |    72 |   120 |    37 ||   270
Block: Shield            |       |       |    20 |    64 ||    84

Table legend:
 A = Non-vault XP
 B = Vault XP
 C = Vault XP percentage of total XP
 D = Non-vault monster count
 E = Vault monster count
 F = Vault count percentage of total count
                 A         B        C        D         E       F
            +---------+---------+-------+---------+---------+-------
      Total |    8434 |    1677 |  16.6 |     221 |      24 |   9.8
            +---------+---------+-------+---------+---------+-------
        D:1 |      36 |      12 |  25.0 |      18 |      12 |  40.0
        D:2 |     105 |      36 |  25.5 |      22 |       1 |   4.3
        D:3 |      73 |      78 |  51.7 |      20 |       2 |   9.1
        D:4 |     155 |      99 |  39.0 |       7 |       1 |  12.5
        D:5 |     863 |     157 |  15.4 |      27 |       1 |   3.6
        D:6 |     920 |       0 |   0.0 |      21 |       0 |   0.0
        D:7 |    1227 |       0 |   0.0 |      28 |       0 |   0.0
        D:8 |     651 |       0 |   0.0 |      10 |       0 |   0.0
        D:9 |    2344 |     866 |  27.0 |      33 |       1 |   2.9
       D:10 |    1399 |     429 |  23.5 |      29 |       6 |  17.1
       D:11 |     661 |       0 |   0.0 |       6 |       0 |   0.0
            +---------+---------+-------+---------+---------+-------
